Map: Ulrena

Players

zidar - Winner!

  • Race: Zerg Zerg
  • League: Gold
  • Spawn Location: 7:00

BaHeToO

  • Race: Terran Terran
  • League: Gold
  • Spawn Location: 11:00

VOD

Have the link to the VOD?

Description

Time

  • Played on: June 2, 2016, 1:59 p.m.
  • Length: 16:05
Show
View Real Time Build Order
Export as new Build Order

zidar Zerg - Winner!

Build Orders: Hatch First, Muta Ling Bane 

Get SALT Encoding   

  12  0:01  Drone  
  13  0:12  Overlord  
  13  0:17  Drone  
  13  0:20  Extractor  
  13  0:23  Drone  
  15  0:31  Drone  
  15  0:34  Drone  
  17  1:07  Hatchery  
  17  1:08  Drone  
  17  1:19  Spawning Pool, Drone  
  17  1:25  Extractor, Drone x2  
  18  1:36  Drone  
  18  1:37  Extractor  
  18  1:45  Overlord  
  18  1:52  Drone  
  20  2:12  Queen  
  22  2:18  Drone  
  22  2:21  Hatchery  
  22  2:27  Zergling x2  
  22  2:28  Zergling x4  
  24  2:39  Metabolic Boost  
  24  2:43  Queen  
  26  2:58  Drone x3  
  26  3:04  Drone x2  
  31  3:12  Overlord  
  30  3:42  Queen  
  30  3:46  Zergling x2  
  30  3:47  Zergling x12  
  39  4:02  Pneumatized Carapace  
  39  4:10  Lair  
  39  4:14  Drone x2  
  39  4:17  Baneling Nest  
  40  4:22  Extractor, Drone x6  
  45  4:27  Drone x2  
  45  4:30  Drone  
  48  4:35  Overlord  
  48  4:56  Queen  
  48  4:57  Extractor  
  48  4:59  Extractor, Drone  
  52  5:00  Drone x5  
  52  5:05  Baneling x6  
  54  5:23  Centrifical Hooks  
  54  5:39  Drone x4  
  54  5:41  Overlord  
  54  5:42  Overlord x2  
  58  6:00  Extractor, Drone x3  
  58  6:04  Extractor  
  59  6:11  Evolution Chamber  
  59  6:13  Drone x3  
  59  6:14  Drone  
  59  6:15  Evolution Chamber  
  59  6:16  Drone x2  
  59  6:18  Drone x7  
  70  6:39  Spire  
  69  6:51  Drone x3  
  72  7:11  Overseer  
  72  7:13  Zergling x4  
  72  7:14  Zergling x16  
  82  7:20  Overlord  
  82  7:21  Overlord x2  
  82  7:22  Overlord  
  82  7:26  Baneling  
  82  7:27  Baneling x6  
  82  7:30  Zerg Ground Armor Level 1, Zerg Melee Weapons Level 1  
  82  7:44  Infestation Pit  
  74  7:59  Hatchery  
  65  8:06  Mutalisk x12  
  65  8:07  Mutalisk  
  65  8:09  Overseer  
  65  8:10  Drone x3  
  94  8:18  Zergling x12  
  100  8:32  Drone  
  101  9:16  Zergling x24  
  113  9:17  Zergling x2  
  113  9:18  Zergling x2  
  115  9:25  Zerg Ground Armor Level 2, Hive  
  115  9:26  Zerg Melee Weapons Level 2  
  115  9:41  Baneling x11  
  115  9:42  Baneling  
  115  9:50  Zerg Flyer Weapons Level 1  
  115  9:52  Drone x5  
  120  10:07  Overlord  
  120  10:08  Overlord x4  
  120  10:40  Adrenal Glands  
  120  10:41  Ultralisk Cavern  
  119  10:54  Zergling x2  
  119  10:55  Zergling x40  
  136  11:30  Chitinous Plating  
  136  11:46  Overlord x4  
  136  11:47  Overlord  
  136  11:50  Zerg Melee Weapons Level 3, Zerg Ground Armor Level 3  
  81  12:42  Ultralisk x2  
  81  12:43  Ultralisk x4  
  81  12:44  Ultralisk x3  
  128  12:45  Zergling x6  
  128  12:46  Zergling x2  
  128  12:49  Baneling  
  128  12:51  Baneling x4  
  138  12:52  Baneling  
  138  12:53  Baneling  
  138  12:54  Baneling  
  106  14:29  Corruptor x2  
  106  14:30  Corruptor x4  
  106  14:31  Corruptor x4  
  114  14:55  Zergling x4  
  114  14:56  Zergling x44  
  114  14:58  Ultralisk x2  
Show
View Real Time Build Order
Export as new Build Order

BaHeToO Terran 

Build Orders: Reaper Expand, Mech 

Get SALT Encoding   

  12  0:01  SCV  
  13  0:13  SCV  
  14  0:18  Supply Depot  
  14  0:25  SCV  
  15  0:39  SCV  
  15  0:41  Barracks  
  16  0:46  Refinery  
  16  0:52  SCV  
  17  1:07  SCV  
  18  1:35  Command Center  
  18  1:39  Reaper  
  19  1:42  Supply Depot  
  19  1:51  Orbital Command  
  19  2:13  Supply Depot  
  19  2:21  SCV  
  20  2:24  Refinery  
  20  2:30  Factory  
  20  2:31  Barracks Tech Lab  
  20  2:45  SCV  
  21  2:55  Barracks  
  21  2:56  Marine, Stimpack  
  22  3:05  Orbital Command  
  22  3:07  SCV  
  23  3:26  Marine, SCV  
  24  3:44  SCV x2, Bunker  
  24  3:45  Barracks Reactor  
  26  3:49  Factory Tech Lab  
  26  3:51  Engineering Bay  
  26  3:53  Engineering Bay  
  26  3:55  Starport  
  26  4:05  SCV  
  26  4:06  Marine, SCV  
  29  4:19  SCV x2, Supply Depot  
  31  4:28  Siege Tank  
  34  4:36  SCV x2  
  36  4:44  Marine  
  36  4:45  Marine x2  
  39  4:49  SCV x2  
  41  4:56  Combat Shield, Refinery  
  41  4:58  Refinery  
  41  5:03  Supply Depot  
  41  5:04  Supply Depot  
  41  5:05  Marine x3  
  44  5:07  SCV x2  
  44  5:13  Starport Reactor  
  46  5:14  Siege Tank  
  49  5:31  SCV  
  49  5:32  SCV, Supply Depot  
  49  5:33  Marine x2  
  49  5:34  Marine  
  54  5:38  Terran Infantry Weapons Level 1  
  54  5:39  Terran Infantry Armor Level 1  
  54  5:51  SCV  
  54  5:52  Marine x3, SCV  
  54  5:54  Supply Depot  
  59  6:00  Siege Tank  
  62  6:08  Armory  
  62  6:11  SCV x2  
  62  6:13  Command Center  
  64  6:20  Marine x3  
  64  6:21  Supply Depot  
  64  6:22  Medivac  
  64  6:24  Medivac  
  71  6:41  Marine x2  
  71  6:42  Marine  
  71  6:43  Liberator  
  71  6:45  Supply Depot  
  74  6:57  Factory  
  74  6:58  Factory  
  77  7:01  Medivac  
  79  7:11  Marine x2  
  79  7:13  Marauder  
  79  7:15  Terran Vehicle Weapons Level 1  
  83  7:21  SCV x2  
  85  7:34  Marine, SCV x2  
  85  7:35  Marine x2  
  85  7:36  Siege Tank  
  93  7:43  Factory Tech Lab x2  
  93  7:46  Medivac  
  95  7:53  Marauder  
  97  8:08  Missile Turret  
  97  8:10  Missile Turret  
  97  8:12  Missile Turret  
  97  8:15  Missile Turret  
  97  8:17  Missile Turret  
  97  8:19  Missile Turret x2  
  97  8:20  Missile Turret  
  97  8:21  Missile Turret  
  97  8:26  Orbital Command  
  97  8:30  Missile Turret x2, SCV  
  97  8:31  Marine  
  97  8:32  Missile Turret x2  
  99  8:50  SCV x2  
  101  9:00  Refinery  
  101  9:03  Refinery  
  101  9:05  SCV x3  
  101  9:06  Marine x3  
  101  9:08  Terran Infantry Weapons Level 2  
  101  9:09  Terran Infantry Armor Level 2  
  104  9:23  Marine  
  105  9:24  Barracks  
  105  9:27  Barracks  
  105  9:28  Barracks x2  
  105  9:30  Marine x2, SCV x3  
  110  9:37  Thor  
  116  9:41  Marine  
  116  9:42  Thor  
  123  10:03  Marine  
  123  10:04  Marine  
  125  10:13  Supply Depot  
  125  10:15  Supply Depot x2  
  125  10:16  Barracks, Supply Depot  
  125  10:18  Marine  
  125  10:19  Marine x4  
  130  10:21  Marine, Thor  
  130  10:22  Supply Depot  
  137  10:36  Terran Vehicle Weapons Level 2  
  137  10:39  Supply Depot  
  137  10:43  Liberator x2  
  137  10:45  Supply Depot  
  143  11:05  Barracks Reactor x4  
  143  11:06  Marine x3  
  143  11:08  Thor  
  143  11:09  Thor x2  
  143  11:10  SCV  
  143  11:11  SCV x2  
  167  11:23  SCV  
  167  11:24  Terran Infantry Weapons Level 3  
  168  11:32  Marine  
  168  11:33  Marine  
  170  11:46  Command Center  
  170  12:02  SCV  
  170  12:03  SCV x2  
  170  12:05  Marine x2  
  170  12:06  Marine x6  
  170  12:07  Marine x3  
  170  12:08  Thor  
  119  12:31  Marine x7  
  119  12:32  Marine x4  
  128  12:40  Thor x2  
  134  12:48  Marine  
  134  12:49  Marine  
  136  12:57  Medivac x2  
  136  12:58  SCV x2  
  142  13:05  SCV  
  143  13:20  Orbital Command  
  143  13:22  Marine x6  
  143  13:27  Marine, Viking, Medivac  
  149  13:28  Marine x3  
  149  13:29  Marine  
  149  13:32  Refinery  
  158  13:35  Refinery  
  104  14:05  Marine  
  104  14:06  Marine x7  
  104  14:07  Marine x2  
  111  14:10  Marine  
  108  14:23  Marine x2  
  105  14:31  Marine x3  
  105  14:32  Marine x6  
  105  14:33  Thor x3  
  121  14:51  Starport  
  121  14:52  Marine x5  
  113  14:53  Marine x3, Starport  
  113  14:56  Starport  
  113  14:58  Starport  
  106  15:10  Marine x2  
  93  15:54  Starport Reactor x2  
Tags
 
Add a new tag
Caveats
  • Supply blocks, unpowered buildings, or Contaminate may cause inaccurate times.
  • Supply counts are checked every 10 seconds.